 Dungeon Crawl Stone Soup version 0.20.0-10-g0535bb4 (webtiles) character file.

29 McKennaii the Skirmisher (level 3, 28/29 HPs)
             Began as a Demonspawn Fighter on June 6, 2017.
             Quit the game on level 1 of the Dungeon.
             The game lasted 00:00:44 (610 turns).

McKennaii the Skirmisher (Demonspawn Fighter)        Turns: 610, Time: 00:00:45

Health: 28/29      AC:  6    Str: 16    XL:     3   Next: 1%
Magic:  3/3        EV:  6    Int:  9    God:
Gold:   50         SH:  9    Dex: 13    Spells: 2/2 levels left

rFire    . . .     SeeInvis .   a - +0 long sword
rCold    . . .     Gourm    .   c - +0 shield
rNeg     . . .     Faith    .   b - +0 scale mail
rPois    .         Spirit   .   (helmet restricted)
rElec    .         Reflect  .   (no cloak)
rCorr    .         Harm     .   (no gloves)
MR       .....                  (no boots)
Stlth    ..........             (no amulet)
Regen    0.1/turn               (no ring)
MPRegen  0.1/turn               (no ring)

@: no status effects
A: antennae 1, demonic guardian 1
a: no special abilities


You were on level 1 of the Dungeon.
You were not hungry.

You visited 1 branch of the dungeon, and saw 1 of its levels.

You collected 50 gold pieces.

Inventory:

Hand Weapons
 a - a +0 long sword (weapon)
Armour
 b - a +0 scale mail (worn)
 c - a +0 shield (worn)
Scrolls
 e - a scroll of enchant armour {unknown}
 h - 2 scrolls of teleportation {unknown}
 k - a scroll of blinking {unknown}
 l - a scroll of fear {unknown}
 n - a scroll of remove curse {unknown}
Potions
 d - a potion of might
 j - a potion of haste {unknown}
Comestibles
 f - a bread ration
 g - a meat ration
 i - 2 fruits
 m - a royal jelly


   Skills:
 + Level 3.4 Fighting
 + Level 2.0 Long Blades
 + Level 3.0 Armour
 + Level 0.1 Dodging
 + Level 3.0 Shields


You had 2 spell levels left.
You didn't know any spells.

Dungeon Overview and Level Annotations

Branches:
Dungeon (1/15)

Altars:


Innate Abilities, Weirdness & Mutations

You have a pair of small antennae on your head.
A weak demonic guardian rushes to your aid.


Message History

Your shield and scale mail prevent you from hitting the hobgoblin.
The hobgoblin is heavily wounded.
The hobgoblin barely misses you.
You riposte.
You completely miss the hobgoblin.
The hobgoblin is heavily wounded.
You hit the hobgoblin but do no damage.
The hobgoblin is heavily wounded.
You block the hobgoblin's attack.
The hobgoblin hits you but does no damage.
You hit the hobgoblin.
The hobgoblin is severely wounded.
The hobgoblin hits you but does no damage.
You hit the hobgoblin.
You kill the hobgoblin!
You have reached level 3!
Your experience leads to an increase in your attributes!
Increase (S)trength, (I)ntelligence, or (D)exterity?
You feel agile.
Your demonic ancestry asserts itself...
You feel the presence of a demonic guardian.
Are you sure you want to abandon this character and quit the game? (Confirm with "yes".)

.............#..##8.....8###
......#####..######.....##.#
......###.....## ##8(8###.######
..>.......##.......##(##........#
..........# #.####........†.....#
#.........###.......##..........#
#..........##.###.....(....######
#........#...........#..#..###
#........####.##@#...........###
.....)...####....)..##....##...#
....^......##.....#..#..#.####.##
.#####..##..)....................
.....#.####.####.###...####...###
.......###..##...###...# ###..##
...........##..........# ##.##
.......#####.......#.#.### #.##
..>....# #.......#.#...#####.##


There were no monsters in sight!

Vanquished Creatures
  2 leopard geckos (D:1)
  2 bats (D:1)
  3 goblins (D:1)
  7 hobgoblins (D:1)
  5 kobolds (D:1)
  A frilled lizard (D:1)
  2 rats (D:1)
22 creatures vanquished.

Notes
Turn   | Place    | Note
-------+----------+-------------------------------------------
     0 | D:1      | McKennaii the Demonspawn Fighter began the quest for the Orb.
     0 | D:1      | Reached XP level 1. HP: 18/18 MP: 1/1
    24 | D:1      | Gained mutation: You have a pair of small antennae on your head. [demonic ancestry]
    24 | D:1      | Reached XP level 2. HP: 14/24 MP: 2/2
   609 | D:1      | Gained mutation: A weak demonic guardian rushes to your aid. [demonic ancestry]
   609 | D:1      | Reached XP level 3. HP: 27/29 MP: 3/3
   610 | D:1      | Quit the game

Skill      XL: |  1  2 |
---------------+-------+-----
Shields        | 3 |  3.0
Armour         | 3 |  3.0
Long Blades    | 2 |  2.0
Fighting       | |  3.4
Dodging        | |  0.1

Action                   || total
-------------------------++-------
Melee: Long sword        ||    78
Armor: Scale mail        ||    42
Dodge: Dodged            ||    22
Block: Shield            ||    45
       Rpst.: Long sword ||     8
